 Dungeon Crawl Stone Soup version 0.18-a0-1164-g7046a04 (webtiles) character file.

252 poirepourri the Skirmisher (level 6, -5/39 HPs)
             Began as a Gargoyle Berserker on Jan 25, 2016.
             Was a Believer of Trog.
             Slain by a gnoll
             ... wielding a +0 halberd of freezing
              (7 damage)
             ... on level 3 of the Dungeon.
             The game lasted 00:06:28 (2577 turns).

poirepourri the Skirmisher (Gargoyle Berserker)     Turns: 2577, Time: 00:06:28

Health: -5/39      AC: 13    Str: 23    XL:     6   Next: 14%
Magic:  6/6        EV: 10    Int:  7    God:    Trog [**....]
Gold:   155        SH:  0    Dex:  9    Spells: 0 memorised, 5 levels left

rFire  + . .     SeeInvis .     a - +1 mace
rCold  . . .     Gourm    .     e - +0 scale mail
rNeg   + . .     Faith    .     (no shield)
rPois  ∞         Spirit   .     (no helmet)
rElec  +         Dismiss  .     (no cloak)
rCorr  .         Reflect  .     (no gloves)
SustAt .         Harm     .     (no boots)
MR     ++...                    (no amulet)
Stlth  ..........               (no ring)
                                (no ring)

@: exhausted, regenerating, slowed, very slow, very resistant to hostile
enchantments, extremely unstealthy
A: thin metallic scales 1, blurry vision 1, fire resistance 1, negative energy
resistance 1, electricity resistance, unbreathing, petrification resistance, rot
immunity, AC +4
a: Berserk, Trog's Hand, Burn Spellbooks, Renounce Religion


You were on level 3 of the Dungeon.
You worshipped Trog.
Trog was pleased with you.
You were not hungry.

You visited 1 branch of the dungeon, and saw 3 of its levels.

You collected 155 gold pieces.

Inventory:

Hand Weapons
 a - a +1 mace (weapon)
Armour
 b - a +0 animal skin
 e - a +0 scale mail (worn)
 i - a +1 ring mail
Jewellery
 g - a +2 ring of evasion {unknown}
Scrolls
 h - a scroll of recharging
 l - a scroll of remove curse
Potions
 d - a potion of curing
Comestibles
 p - a beef jerky


   Skills:
 + Level 4.4 Fighting
 + Level 4.4 Maces & Flails
 + Level 3.6 Armour
 + Level 2.9 Dodging


You had 5 spell levels left.
You didn't know any spells.

Dungeon Overview and Level Annotations

Branches:
Dungeon (3/15)

Altars:
Trog
Vehumet


Innate Abilities, Weirdness & Mutations

You are resistant to torment.
Your stone body is resilient (AC +4).
You are immune to poison.
You resist negative energy.
You are resistant to electric shocks.
You can survive without breathing.
You are immune to petrification.
You are immune to rotting.
You are partially covered in thin metallic scales (AC +2).
Scrolls take you a little longer to read.
Your flesh is heat resistant.


Message History

* * * LOW HITPOINT WARNING * * *
The jackal bites you but does no damage.
The gnoll closely misses you. The gnoll hits you but does no damage.
The jackal barely misses you. x3; The gnoll hits you but does no damage.
The gnoll hits you from afar with a spear.
* * * LOW HITPOINT WARNING * * *
The gnoll barely misses you.
You hit the gnoll but do no damage.
The gnoll is almost dead.
You feel the effects of Trog's Hand fading.
The jackal bites you but does no damage.
The jackal barely misses you. The jackal bites you.
* * * LOW HITPOINT WARNING * * *
The jackal barely misses you. The gnoll hits you but does no damage.
The jackal bites you but does no damage.
The jackal bites you.
* * * LOW HITPOINT WARNING * * *
The gnoll barely misses you.
The gnoll hits you with a halberd of freezing!
You die...

######### . #....h..#
....#..ghhg.#
....'.ghh@g.#
##################'#
......#....#.......#
........≈≈.........#
........≈≈.........#'
.....)#....#...........
#######....########....
....#...##...# ....#
############## #####


You could see 4 gnolls and 5 jackals.

Vanquished Creatures
  A gnoll sergeant (D:3)
  11 gnolls (D:3)
  An adder (D:2)
  3 oozes
  A worm (D:2)
  A giant gecko (D:1)
  A ball python (D:2)
  2 giant cockroaches (D:1)
  4 goblins
  8 hobgoblins
  5 jackals
  A quokka (D:2)
  7 bats
  2 giant newts (D:2)
  9 kobolds
  7 rats
64 creatures vanquished.

Notes
Turn   | Place    | Note
--------------------------------------------------------------
     0 | D:1      | poirepourri the Gargoyle Berserker began the quest for the Orb.
     0 | D:1      | Reached XP level 1. HP: 14/14 MP: 1/1
   231 | D:1      | Reached XP level 2. HP: 16/19 MP: 2/2
   507 | D:1      | Reached ** piety under Trog
   507 | D:1      | Reached skill level 4 in Fighting
   507 | D:1      | Reached XP level 3. HP: 24/24 MP: 3/3
  1048 | D:2      | Found a faded altar to an unknown god.
  1109 | D:2      | Found a radiant altar of Vehumet.
  1198 | D:2      | Found a bloodstained altar of Trog.
  1237 | D:2      | Reached XP level 4. HP: 27/29 MP: 4/4
  2140 | D:3      | Noticed a gnoll sergeant
  2152 | D:3      | Gained mutation: Your flesh is heat resistant. [potion of mutation]
  2152 | D:3      | Gained mutation: Scrolls take you a little longer to read. [potion of mutation]
  2152 | D:3      | Gained mutation: You are partially covered in thin metallic scales (AC +2). [potion of mutation]
  2199 | D:3      | Killed a gnoll sergeant
  2199 | D:3      | Reached XP level 5. HP: 18/34 MP: 5/5
  2552 | D:3      | Reached XP level 6. HP: 36/39 MP: 6/6
  2577 | D:3      | Slain by a gnoll

Vault maps used:
D:1:      lightli_arrival_noodles, serial_curves, eino_curves_02,
          eino_curves_01, eino_curves_01, hangedman_abyss_or_decor_stabs
D:2:      minmay_door_path, fiery_altar_vehumet, lightli_temple_of_fire,
          first_bread, ecumenical_altar_2, minmay_misc_feat_encased
D:3:      lemuel_castle_with_subvaults, lemuel_round_altar

Action                   |  1- 3 |  4- 6 || total
-------------------------+-------+-------++-------
Melee: Mace              |    97 |   127 ||   224
       Hand axe          |    48 |       ||    48
Invok: Berserk           |       |     3 ||     3
       Trog's Hand       |       |     3 ||     3
  Use: Potion            |     1 |     7 ||     8
       Scroll            |     2 |     7 ||     9
  Eat: Bread ration      |       |     3 ||     3
